 Dungeon Crawl Stone Soup version 0.25.1-2-g60ff931df9 (webtiles) character file.

Game seed: 11286094901527179150

49 gruber the Ruffian (level 3, -2/28 HPs)
             Began as a Draconian Transmuter on Oct 4, 2020.
             Slain by an orc (3 damage)
             ... on level 2 of the Dungeon.
             The game lasted 00:01:09 (1408 turns).

gruber the Ruffian (Draconian Transmuter)           Turns: 1408, Time: 00:01:09

Health: -2/28      AC:  2    Str: 12    XL:     3   Next: 53%
Magic:  3/6        EV: 20    Int: 14    God:
Gold:   40         SH:  0    Dex: 22    Spells: 0/6 levels left

rFire    . . .     SeeInvis .     - Unarmed
rCold    . . .     Gourm    .   (shield currently unavailable)
rNeg     . . .     Faith    .   (armour unavailable)
rPois    x         Spirit   .   (helmet currently unavailable)
rElec    .         Reflect  .   (cloak currently unavailable)
rCorr    +         Harm     .   (gloves currently unavailable)
MR       .....                  (boots currently unavailable)
Stlth    ++........             e - amulet of inaccuracy (curse)
HPRegen  0.09/turn              d - +6 ring of dexterity
MPRegen  0.10/turn              g - ring of resist corrosion

@: spider-form (expiring)
A: tiny, unfitting armour, AC +5
a: End Transformation


You were on level 2 of the Dungeon.
You were very hungry.
You were a venomous arachnid creature.
You visited 1 branch of the dungeon, and saw 2 of its levels.

You collected 40 gold pieces.

Inventory:

Missiles
 a - 12 arrows
Jewellery
 d - a +6 ring of dexterity (left front leg)
 e - a cursed amulet of inaccuracy (around neck)
 g - a ring of resist corrosion (right front leg)
Scrolls
 b - a scroll of identify {unknown}
 f - a scroll of amnesia {unknown}
 i - a scroll of enchant armour {unknown}
Potions
 h - a potion of stabbing {unknown}
Comestibles
 c - 3 rations


   Skills:
 - Level 1.1 Fighting
 - Level 1.7 Dodging
 - Level 4.2 Unarmed Combat
 - Level 2.0 Spellcasting
 - Level 2.0 Transmutations
 + Level 1.5 Poison Magic


You couldn't memorise any spells.
You knew the following spells:

 Your Spells              Type           Power        Failure   Level  Hunger
a - Beastly Appendage     Tmut           #.....       26%         1    ##.....
b - Sticks to Snakes      Tmut           #.......     34%         2    ###....
c - Spider Form           Tmut/Pois      #.........   56%         3    ####...

Your spell library contained the following spells:

 Spells                   Type           Power        Failure   Level  Hunger
 Ice Form                 Ice/Tmut       #.......     94%         4    #####..
 Blade Hands              Tmut           #.........   99%         5    ######.


Dungeon Overview and Level Annotations

Branches:
Dungeon (2/15)

Altars:
The Shining One


Innate Abilities, Weirdness & Mutations

((Your plain brown scales are hard. (AC +5)))
You cannot fit into any form of body armour.
((You are cold-blooded and may be slowed by cold attacks.))


Message History

Unknown command.
You hit the orc.
The orc is moderately wounded.
You are feeling very hungry.
The orc misses you. The orc closely misses you.
Found a ration.
Found an escape hatch in the floor.
You closely miss the orc.
Your transformation is almost over.
The orc barely misses you. The orc closely misses you.
You hit the orc but do no damage. The orc closely misses you.
The orc hits you with a +0 flail!
* * * LOW HITPOINT WARNING * * *
The orc closely misses you.
Unknown command.
Things that are here:
2 boomerangs; an orc corpse You hit the orc.
The orc is poisoned.
The orc is lightly wounded.
The orc hits you.
You die...

#. #. ### ## #. #..
.# #. #.# .# ######.
#.# .#
.......#######)###.#
............?..soo>#
#####..##.######o##
#...#.#%.....#
#.#.#...>##..#
#.#.##### #..#
#.......# #..#
#..#(##.# #..#
####.#.##.# #..#
#..._...#.. ...#


You could see 3 orcs.

Vanquished Creatures
  An ooze (D:2)
  A worm (D:2)
  2 dart slugs (D:1)
  A leopard gecko (D:1)
  An orc (D:2)
  A giant cockroach (D:1)
  5 goblins
  7 hobgoblins
  6 kobolds
  3 bats (D:1)
  A frilled lizard (D:1)
  5 rats
34 creatures vanquished.

Notes
Turn   | Place    | Note
-------+----------+-------------------------------------------
     0 | D:1      | gruber the Draconian Transmuter began the quest for the
                  | Orb.
     0 | D:1      | Reached XP level 1. HP: 16/16 MP: 3/3
   108 | D:1      | Reached XP level 2. HP: 16/23 MP: 3/5
   580 | D:1      | Reached skill level 4 in Unarmed Combat
   928 | D:1      | Reached XP level 3. HP: 23/28 MP: 4/6
   936 | D:1      | Learned a level 2 spell: Sticks to Snakes
   940 | D:1      | Learned a level 3 spell: Spider Form
  1276 | D:2      | Reached skill level 1 in Poison Magic
  1368 | D:2      | Found a glowing golden altar of the Shining One.
  1405 | D:2      | HP: 1/28 [orc/+0 flail (8)]
  1408 | D:2      | Slain by an orc

Illustrated notes

Levels and vault maps discovered:
D:1:      wander_arrival_desolate, layout_basic, minmay_misc_feat_diagonals,
          hangedman_feature_mirror, serial_bayou_pond_d, minmay_misc_feat_alley
D:2:      layout_basic, lemuel_crystal_altar

Skill      XL: |  1  2  3 |
---------------+----------+-----
Unarmed Combat | 4 |  4.2
Poison Magic   | 1 |  1.5
Fighting       | |  1.1
Dodging        | |  1.7
Spellcasting   | |  2.0
Transmutations | |  2.0

Action                   || total
-------------------------++-------
Melee: Unarmed           ||   114
       Tailslap          ||     8
       Headbutt          ||     4
       Punch             ||     3
 Cast: Beastly Appendage ||     4
       Spider Form       ||     2
 Stab: Sleeping          ||     2
  Eat: Chunk             ||     1
Armor: Skin              ||    25
Dodge: Dodged            ||    83
